Map: Disco Bloodbath LE

Players

Mez - Winner!

  • Race: Terran Terran
  • League: Master
  • Spawn Location: 9:00

DuBBiE

  • Race: Zerg Zerg
  • Spawn Location: 3:00

VOD

Have the link to the VOD?

Description

Time

  • Played on: Aug. 20, 2019, 6:17 p.m.
  • Length: 19:27
Show
View Real Time Build Order
Export as new Build Order

Mez Terran - Winner!

Build Orders: Reaper Expand 

Get SALT Encoding   

  12  0:00  SCV  
  13  0:13  SCV  
  14  0:18  Supply Depot  
  14  0:25  SCV  
  15  0:39  SCV  
  15  0:41  Barracks  
  16  0:45  Refinery  
  16  0:51  SCV  
  17  1:03  SCV  
  18  1:16  SCV  
  19  1:29  Reaper  
  19  1:30  Orbital Command  
  20  1:40  Command Center  
  20  1:48  Supply Depot  
  20  1:57  SCV  
  21  2:03  Marine  
  22  2:09  SCV  
  23  2:17  Factory  
  23  2:21  SCV  
  23  2:24  Barracks Reactor  
  23  2:32  Refinery  
  23  2:34  SCV  
  24  2:44  Bunker  
  24  2:46  SCV  
  25  2:54  Orbital Command  
  25  2:58  SCV  
  26  3:02  Marine  
  26  3:03  Marine  
  27  3:06  Hellion  
  29  3:16  SCV  
  30  3:20  Starport  
  30  3:25  Marine x2  
  31  3:28  SCV  
  32  3:40  SCV  
  32  3:41  SCV  
  34  3:52  SCV  
  34  3:54  SCV  
  36  4:00  Viking  
  36  4:02  Hellion x2  
  42  4:04  SCV  
  42  4:06  SCV, Barracks Tech Lab  
  44  4:16  SCV  
  45  4:17  Supply Depot x2  
  45  4:18  SCV  
  46  4:38  SCV x2  
  46  4:40  Stimpack  
  46  4:42  Starport Reactor  
  48  4:48  Barracks  
  48  4:49  Barracks  
  48  4:50  SCV x2  
  50  4:52  Factory Reactor  
  50  4:59  Supply Depot  
  50  5:00  Command Center  
  50  5:01  Supply Depot  
  50  5:03  SCV x2  
  52  5:10  Refinery  
  52  5:12  Engineering Bay  
  52  5:13  Engineering Bay  
  52  5:15  SCV x2  
  52  5:19  Marine, Refinery  
  55  5:22  Medivac x2  
  55  5:25  Supply Depot  
  61  5:28  SCV x2  
  61  5:30  Supply Depot  
  59  5:40  SCV  
  60  5:44  Marine x2  
  60  5:45  Marine x3  
  60  5:47  Factory Tech Lab  
  65  5:50  SCV  
  65  5:51  Supply Depot  
  65  5:52  SCV  
  65  5:53  Supply Depot  
  67  6:02  Marine x3  
  67  6:03  SCV  
  71  6:04  SCV  
  71  6:07  Siege Tank  
  73  6:15  SCV  
  73  6:18  Marine x2  
  76  6:20  Marine x3  
  76  6:22  Barracks  
  76  6:23  Barracks  
  78  6:33  Medivac x2  
  78  6:34  Combat Shield  
  78  6:35  Marine  
  78  6:36  Marine  
  78  6:39  SCV  
  86  6:40  SCV  
  86  6:43  Supply Depot  
  86  6:45  Supply Depot  
  86  6:49  Marine x3  
  86  6:50  Siege Tank  
  92  7:04  Marine x2  
  92  7:05  Medivac  
  92  7:06  Marine, Medivac  
  92  7:07  Marine x2  
  101  7:10  Terran Infantry Armor Level 1, Barracks Reactor, Terran Infantry Weapons Level 1  
  101  7:11  Barracks Reactor  
  101  7:24  Marine, Siege Tank  
  101  7:25  Marine x3  
  101  7:28  Orbital Command  
  107  7:30  SCV  
  108  7:45  Marine x5  
  108  7:50  Medivac x2  
  116  7:53  SCV x2  
  116  7:57  SCV  
  119  7:59  Marine x2  
  119  8:05  SCV x2  
  122  8:08  Siege Tank  
  122  8:09  Marine, SCV  
  128  8:18  Marine x6, Refinery  
  128  8:19  Marine x2  
  136  8:20  Refinery  
  136  8:24  Armory  
  136  8:27  Marine  
  137  8:36  Marine  
  137  8:37  Marine x3  
  141  8:52  Command Center  
  141  8:54  Supply Depot x2  
  141  8:55  Supply Depot  
  141  8:56  Marine  
  141  8:57  Marine x4, Siege Tank, Medivac x2  
  151  9:16  Marine x9  
  156  9:18  Terran Infantry Weapons Level 2  
  156  9:20  Factory  
  148  9:29  Siege Tank  
  148  9:30  Factory  
  146  9:35  Marine x7  
  146  9:36  Marine x2  
  146  9:38  Medivac  
  156  9:44  Terran Infantry Armor Level 2  
  149  10:03  Marine x9  
  149  10:05  Factory Tech Lab  
  158  10:20  Marine  
  158  10:21  Marine x8  
  140  10:38  Marine  
  140  10:39  Marine x8, Factory Tech Lab, Siege Tank x2  
  155  10:56  Marine  
  155  10:57  Marine x8  
  157  11:07  Siege Tank  
  157  11:08  Planetary Fortress  
  157  11:09  SCV  
  137  11:14  Marine x3  
  137  11:15  Marine x6  
  122  11:34  Marine x9  
  122  11:35  Siege Tank x2  
  122  11:36  Medivac x2  
  135  11:52  Marine x5  
  127  11:58  Marine x4  
  129  12:06  Medivac x2  
  129  12:07  Barracks x2  
  133  12:08  Barracks  
  133  12:09  Marine  
  133  12:10  Marine x4, Siege Tank x3  
  147  12:16  Marine x4  
  142  12:27  Marine x4  
  142  12:28  Marine  
  135  12:33  Marine  
  135  12:34  Marine x3  
  135  12:36  Medivac x2  
  141  12:45  Marine x5  
  145  12:51  Terran Infantry Weapons Level 3  
  145  12:53  Terran Infantry Armor Level 3  
  111  13:05  Marine  
  111  13:06  Marine x9, Medivac x2  
  114  13:22  Marine x2  
  114  13:23  Thor  
  116  13:44  Marine x5  
  116  13:45  Marine, Thor x2  
  133  13:53  Marine x6  
  128  14:02  Marine x3  
  122  14:05  Marine  
  123  14:10  Viking x2  
  123  14:11  Thor  
  123  14:12  Marine x2  
  135  14:26  Marine x8  
  118  14:46  Marine  
  118  14:47  Marine x11  
  120  15:03  Medivac  
  120  15:04  Marine x7  
  120  15:05  Marine x5, Medivac  
  135  15:22  Marine x2  
  135  15:24  Command Center  
  133  15:38  Marine x7  
  133  15:39  Marine, Medivac x2  
  144  15:56  Marine x5  
  126  16:02  Siege Tank x2  
  132  16:18  Terran Ship Weapons Level 1  
  132  16:24  Marine x10, Command Center  
  142  16:34  Medivac  
  142  16:35  Medivac  
  145  16:46  Planetary Fortress  
  145  17:03  Marine x10  
  145  17:04  Medivac  
  145  17:05  Medivac  
  159  17:09  Marine x2  
  159  17:11  Siege Tank x2  
  167  17:18  Refinery  
  167  17:19  Refinery  
  167  17:21  Marine  
  168  17:34  Marine x9  
  177  17:41  Viking x2  
  158  17:46  Marine x3  
  149  17:52  Marine x8  
  149  17:57  Marine  
  151  17:58  Siege Tank  
  151  18:03  Marine  
  155  18:07  Marine  
  155  18:10  Siege Tank  
  155  18:11  Medivac x2  
  161  18:15  Marine x2  
  147  18:23  Marine x9  
  147  18:25  Marine  
  152  18:28  Planetary Fortress  
  152  18:31  Siege Tank  
  152  18:33  Marine x2  
  157  18:41  Marine x3  
  157  18:52  Marine  
  157  18:53  Marine x8  
  166  18:58  Marine  
  167  19:09  Marine x2  
Show
View Real Time Build Order
Export as new Build Order

DuBBiE Zerg 

Build Orders: Pool First, Brood Lord Corruptor 

Get SALT Encoding   

  12  0:01  Drone  
  13  0:13  Overlord  
  13  0:17  Drone  
  14  0:31  Drone x2  
  17  0:35  Drone  
  17  0:47  Spawning Pool  
  17  0:49  Drone  
  17  1:13  Drone  
  17  1:14  Hatchery  
  17  1:34  Zergling x6  
  17  1:38  Queen  
  22  1:56  Hatchery  
  22  1:59  Overlord  
  21  2:06  Drone  
  22  2:09  Extractor  
  22  2:12  Drone  
  22  2:20  Drone  
  23  2:25  Queen  
  23  2:29  Drone  
  26  2:30  Drone  
  27  2:41  Drone  
  27  2:43  Drone  
  29  2:48  Drone  
  29  2:49  Drone  
  29  2:50  Drone x2  
  33  2:56  Drone  
  33  2:58  Drone  
  35  3:03  Drone  
  36  3:07  Queen  
  38  3:18  Roach Warren, Drone x2  
  39  3:20  Drone  
  39  3:22  Drone  
  39  3:25  Drone  
  41  3:35  Metabolic Boost  
  41  3:36  Overlord  
  41  3:37  Overlord  
  41  3:48  Overlord x2  
  41  3:52  Overlord  
  41  3:57  Queen  
  41  3:58  Drone x3  
  41  4:01  Zergling x2  
  41  4:02  Zergling x2  
  47  4:09  Drone x3  
  50  4:10  Drone  
  50  4:14  Extractor  
  50  4:18  Drone  
  50  4:23  Zergling x6  
  54  4:32  Overlord, Lair  
  54  4:36  Drone  
  55  4:42  Overlord  
  55  4:46  Overlord  
  55  4:48  Drone  
  55  4:49  Drone x4  
  55  4:50  Extractor  
  59  4:53  Drone  
  59  4:54  Drone x4  
  59  4:56  Roach  
  63  5:05  Roach x2  
  67  5:10  Drone x2  
  67  5:11  Evolution Chamber  
  67  5:13  Drone x2  
  70  5:14  Drone  
  70  5:16  Drone  
  70  5:17  Drone x2  
  70  5:18  Extractor  
  73  5:29  Roach x4  
  81  5:37  Roach x3  
  81  5:38  Roach x2  
  91  5:43  Overlord, Zerg Melee Weapons Level 1  
  91  5:44  Overlord x2, Evolution Chamber  
  91  5:45  Infestation Pit  
  91  5:48  Drone x3  
  91  5:49  Drone  
  93  5:52  Extractor  
  93  5:54  Extractor  
  91  6:01  Drone x4  
  92  6:14  Zergling x4  
  92  6:15  Zergling x4  
  92  6:17  Zergling x2  
  92  6:18  Zergling x4  
  99  6:24  Zerg Ground Armor Level 1  
  97  6:26  Zergling x6  
  97  6:28  Zergling x4  
  97  6:29  Baneling Nest, Zergling x6  
  97  6:30  Zergling x2  
  97  6:32  Drone x2  
  107  6:33  Spire  
  107  6:39  Drone  
  108  6:40  Drone  
  108  6:42  Glial Reconstitution  
  108  6:47  Drone  
  108  6:51  Overlord x2  
  109  6:56  Drone  
  110  7:15  Overlord x3  
  107  7:16  Pathogen Glands  
  107  7:17  Overseer  
  107  7:19  Centrifical Hooks  
  107  7:20  Drone x2  
  107  7:21  Drone x2  
  111  7:33  Zergling x8  
  111  7:34  Zergling x12  
  111  7:35  Hatchery  
  116  7:55  Infestor x3  
  116  7:56  Infestor x2  
  125  8:06  Drone x3  
  125  8:07  Drone  
  125  8:09  Spine Crawler  
  125  8:10  Spine Crawler  
  125  8:12  Spore Crawler  
  126  8:14  Spore Crawler, Hive  
  126  8:19  Drone  
  127  8:20  Zerg Melee Weapons Level 2, Drone x6  
  127  8:21  Zerg Ground Armor Level 2  
  132  8:27  Hydralisk Den  
  132  8:28  Drone x2  
  132  8:29  Drone  
  134  8:34  Baneling  
  134  8:35  Baneling x5  
  134  8:37  Zergling x6  
  134  8:41  Zergling x6  
  140  8:50  Spore Crawler  
  140  8:52  Spore Crawler  
  140  8:53  Drone x5  
  140  8:55  Queen, Extractor  
  144  8:56  Extractor  
  135  9:24  Zergling x8  
  132  9:25  Queen  
  132  9:27  Zergling x2  
  132  9:28  Zergling x8  
  132  9:30  Infestor x4  
  132  9:31  Infestor  
  150  9:35  Drone x3  
  153  9:39  Drone x4  
  153  9:40  Drone  
  158  9:47  Zergling x10  
  158  9:48  Zergling x2  
  158  9:49  Baneling  
  158  9:50  Baneling x3  
  162  9:59  Zergling x4  
  145  10:00  Baneling  
  145  10:01  Baneling x10  
  145  10:02  Zergling x2  
  145  10:03  Zergling x2  
  145  10:04  Queen  
  149  10:09  Zergling x2  
  149  10:10  Zergling x8, Queen  
  149  10:12  Zergling x4  
  123  10:22  Ravager  
  123  10:23  Zergling x4  
  123  10:26  Zergling x4  
  123  10:27  Baneling x2  
  123  10:28  Baneling x4  
  115  10:29  Zergling x2  
  115  10:31  Zergling x6  
  115  10:33  Baneling x5  
  115  10:34  Baneling x5  
  119  10:39  Spine Crawler  
  118  10:45  Zergling x4  
  118  10:47  Greater Spire  
  118  10:51  Zergling x4  
  118  10:52  Zergling x4  
  122  11:02  Corruptor  
  122  11:03  Corruptor x5  
  125  11:04  Zergling x2  
  125  11:05  Zergling x4  
  125  11:09  Zergling x4  
  125  11:10  Zergling x2  
  123  11:14  Zergling x2  
  123  11:15  Zergling x2  
  116  11:21  Zergling x8  
  116  11:22  Zergling x2  
  118  11:27  Zergling x6  
  118  11:28  Zergling x6  
  118  11:31  Drone x2  
  126  11:38  Zergling x2  
  126  11:39  Zergling x2  
  129  11:40  Zergling x6  
  129  11:45  Zergling x2  
  131  11:50  Zergling x4  
  131  11:51  Zergling x2  
  125  11:55  Zergling x2  
  120  12:03  Baneling x6  
  120  12:05  Zergling x6  
  120  12:07  Zergling x8  
  127  12:13  Zergling x6  
  127  12:15  Baneling x2  
  128  12:22  Zergling x4  
  107  12:27  Brood Lord x2  
  107  12:28  Brood Lord x3  
  107  12:29  Zergling x4  
  105  12:31  Zergling x2  
  105  12:34  Baneling x2  
  105  12:35  Baneling x7  
  105  12:36  Hydralisk x3, Grooved Spines  
  105  12:37  Hydralisk  
  100  12:39  Drone x2  
  100  12:40  Drone x2  
  100  12:42  Zerg Melee Weapons Level 3  
  100  12:43  Zerg Ground Armor Level 3, Adrenal Glands  
  110  12:45  Zergling x8  
  110  12:46  Zergling x2  
  114  12:55  Zergling x8  
  114  12:58  Corruptor x3, Hatchery  
  112  13:08  Zergling x4  
  112  13:09  Zergling x2  
  114  13:19  Zergling x4  
  112  13:21  Zergling x8  
  112  13:23  Brood Lord, Corruptor x2  
  122  13:34  Zergling x6  
  124  13:47  Zergling x8  
  124  13:48  Zergling x4  
  127  13:49  Zergling x6  
  127  13:50  Zergling x6  
  126  13:56  Zergling x4  
  126  13:57  Zergling x2  
  128  14:07  Zergling x4  
  128  14:08  Zergling x2  
  130  14:14  Baneling x2  
  130  14:15  Baneling x7  
  130  14:16  Baneling  
  130  14:18  Neural Parasite  
  130  14:19  Queen  
  130  14:20  Drone  
  130  14:21  Drone x2  
  135  14:30  Zergling x6  
  121  14:39  Zergling x4  
  121  14:40  Zergling x2  
  104  14:53  Zergling x4  
  104  14:55  Zergling x6  
  104  14:58  Zergling x8  
  104  14:59  Zergling x4  
  97  15:13  Hatchery  
  96  15:23  Extractor  
  96  15:24  Zergling x4  
  96  15:25  Zergling x6  
  96  15:27  Baneling x3  
  96  15:28  Infestor x3, Baneling x2  
  100  15:34  Zergling x2  
  97  15:38  Zergling x4  
  97  15:39  Baneling x4  
  97  15:40  Infestor x3  
  105  15:47  Drone  
  105  15:49  Zergling x2  
  107  15:50  Zergling x4  
  107  15:55  Zergling x2  
  98  15:59  Zergling x4  
  98  16:04  Brood Lord x2  
  98  16:05  Brood Lord x2  
  98  16:06  Zergling x2  
  107  16:30  Baneling x7  
  102  16:48  Zergling x12  
  102  16:49  Zergling x4  
  102  16:50  Extractor  
  109  16:55  Extractor  
  109  16:58  Baneling x4  
  109  16:59  Baneling x5  
  108  17:01  Hatchery  
  108  17:02  Hydralisk x3  
  108  17:03  Hydralisk  
  108  17:05  Zerg Missile Weapons Level 1  
  115  17:22  Infestor  
  115  17:23  Infestor x3  
  121  17:31  Baneling x2  
  121  17:32  Baneling x4  
  121  17:35  Zergling x4  
  103  17:51  Zergling x8  
  95  17:52  Zergling x2  
  95  17:53  Zergling x2  
  95  17:57  Zergling x4  
  95  17:58  Zergling x4  
  90  18:00  Baneling  
  90  18:01  Baneling x3  
  90  18:05  Zergling x4  
  90  18:06  Zergling x4  
  90  18:07  Zergling x4  
  90  18:08  Zergling x8  
  90  18:10  Zergling x4  
  90  18:11  Zergling x2  
  86  18:16  Zergling x2  
  86  18:19  Zergling x2  
  75  18:21  Zergling x2  
  75  18:23  Zergling x2  
  66  18:31  Zergling x4  
  66  18:36  Hydralisk  
  65  18:43  Hydralisk  
  64  18:49  Infestor  
  63  19:09  Zergling x2  
Tags
 
Add a new tag
Caveats
  • Supply blocks, unpowered buildings, or Contaminate may cause inaccurate times.
  • Supply counts are checked every 10 seconds.